 Dungeon Crawl Stone Soup version 0.20.0-6-gd3061e9 (webtiles) character file.

7191 Inarius the Stinger (level 10, -6/78 HPs)
             Began as a Red Draconian Venom Mage on May 28, 2017.
             Was a Believer of Vehumet.
             Mangled by a death yak (16 damage)
             ... on level 10 of the Dungeon.
             The game lasted 00:46:42 (13529 turns).

Inarius the Stinger (Red Draconian Venom Mage)     Turns: 13529, Time: 00:46:43

Health: -6/78      AC:  8    Str: 11    XL:     10   Next: 87%
Magic:  12/21      EV: 14    Int: 18    God:    Vehumet [**....]
Gold:   309        SH:  0    Dex: 12    Spells: 1/24 levels left

rFire    + + .     SeeInvis .   r - +3 rapier (elec)
rCold    x . .     Gourm    .   (no shield)
rNeg     + . .     Faith    .   (armour unavailable)
rPois    .         Spirit   .   (helmet restricted)
rElec    .         Reflect  .   u - +0 cloak {+Inv}
rCorr    .         Harm     .   (no gloves)
MR       .....                  (no boots)
Stlth    ++........             (no amulet)
Regen    0.0/turn               s - ring of positive energy
MPRegen  0.2/turn               I - ring of fire

@: no status effects
A: breathe fire, unfitting armour, fire resistance 1, screaming 1, inhibited
regeneration, evolution 1, cold-blooded, AC +7
a: Breathe Fire, Renounce Religion, Evoke Invisibility


You were on level 10 of the Dungeon.
You worshipped Vehumet.
Vehumet was pleased with you.
You were not hungry.

You visited 2 branches of the dungeon, and saw 11 of its levels.

You collected 309 gold pieces.

Inventory:

Hand Weapons
 r - a +3 rapier of electrocution (weapon)
Armour
 o - a +2 shield
 u - a +0 cloak of invisibility (worn)
Jewellery
 s - a ring of positive energy (left hand)
 I - a ring of fire (right hand)
Wands
 t - a wand of flame (20/48)
 B - a wand of flame (18/48)
 E - a wand of clouds (5/9)
 G - a wand of random effects (15/48) (quivered)
Scrolls
 c - 3 scrolls of enchant armour {unknown}
 d - 4 scrolls of remove curse
 f - a scroll of recharging {unknown}
 g - 2 scrolls of blinking {unknown}
 j - 4 scrolls of immolation {unknown}
 m - 6 scrolls of teleportation
 p - 5 scrolls of amnesia {unknown}
 w - a scroll of identify
 y - 2 scrolls of vulnerability {unknown}
 z - 2 scrolls of fear {unknown}
 F - a scroll of magic mapping {unknown}
Potions
 e - 5 potions of curing {unknown}
 i - a potion of haste
 k - a potion of lignification
 l - a potion of invisibility
 q - 3 potions of mutation
 v - a potion of berserk rage
 x - a potion of ambrosia
 A - 2 potions of brilliance
 C - 5 potions of flight {unknown}
 J - a potion of agility {unknown}
Books
 a - a Young Poisoner's Handbook

   Spells                             Type                      Level
   a - Sting                          Conjuration/Poison           1
   b - Poisonous Vapours              Poison/Air                   2
   c - Mephitic Cloud                 Conjuration/Poison/Air       3
   d - Olgreb's Toxic Radiance        Poison                       4
   e - Venom Bolt                     Conjuration/Poison           5
 K - a book of Clouds

   Spells                             Type                      Level
   a - Poisonous Vapours              Poison/Air                   2
   b - Mephitic Cloud                 Conjuration/Poison/Air       3
   c - Conjure Flame                  Conjuration/Fire             3
   d - Freezing Cloud                 Conjuration/Ice/Air          6
   e - Ring of Flames                 Charms/Fire                  7
 L - a book of Misfortune

   Spells                             Type                      Level
   a - Confusing Touch                Hexes                        1
   b - Confuse                        Hexes                        3
   c - Gell's Gravitas                Translocation                3
   d - Petrify                        Transmutation/Earth          4
   e - Metabolic Englaciation         Hexes/Ice                    5
   f - Yara's Violent Unravelling     Hexes/Transmutation          5
Miscellaneous
 H - a phantom mirror
Comestibles
 b - 7 bread rations
 h - 15 royal jellies
 n - 4 meat rations
 D - a fruit
 M - a chunk of flesh


   Skills:
 + Level 3.8 Fighting
 - Level 3.0 Short Blades
 + Level 4.2 Dodging
 - Level 1.7 Stealth
 - Level 2.7 Shields
 + Level 7.7 Spellcasting
 * Level 7.1 Conjurations
 * Level 1.8 Charms
 * Level 2.0 Fire Magic
 + Level 5.6 Air Magic
 + Level 7.7 Poison Magic
 + Level 4.4 Evocations


You had one spell level left.
You knew the following spells:

 Your Spells              Type           Power        Failure   Level  Hunger
a - Sting                 Conj/Pois      ####         1%          1    None
b - Poisonous Vapours     Pois/Air       ####..       1%          2    None
c - Olgreb's Toxic Radia  Pois           ####....     4%          4    ###....
d - Venom Bolt            Conj/Pois      ####......   13%         5    #####..
e - Mephitic Cloud        Conj/Pois/Air  ####....     1%          3    #......
f - Magic Dart            Conj           ####         1%          1    None
g - Ring of Flames        Chrm/Fire      ###.......   100%        7    #######


Dungeon Overview and Level Annotations

Branches:
Dungeon (10/15)            Temple (1/1) D:5            Lair (0/6) D:10
    Orc: D:9-12

Altars:
Elyvilon
Gozag
Hepliaklqana
Makhleb
Nemelex Xobeh
Qazlal
Sif Muna
Trog
Uskayaw
Vehumet
Xom
Yredelemnul

Shops:
D:4 (


Innate Abilities, Weirdness & Mutations

You can breathe blasts of fire.
Your fiery red scales are hard. (AC +7)
You cannot fit into any form of body armour.
Your flesh is heat resistant. (rF+)
You are cold-blooded and may be slowed by cold attacks.
You occasionally shout uncontrollably at your foes.
You do not regenerate when monsters are visible.
You evolve.


Message History

Casting: Poisonous Vapours
Confirm with . or Enter, or press ? or * to list all spells.
Aiming: Poisonous Vapours
Press: ? - help, Dir - move target cursor, f/p - death yak
Aim: a death yak (moderately wounded, poisoned) Poisonous vapours surround the death yak!
The death yak is engulfed in poison gas.
The death yak looks as sick as possible!
The death yak barely misses you.
You hit the death yak but do no damage.
Lightning courses through the death yak!
The death yak is severely wounded.
The death yak gores you!!
* * * LOW HITPOINT WARNING * * *
You hit the death yak but do no damage.
Lightning courses through the death yak!
You tail-slap the death yak, but do no damage.
The death yak is almost dead.
The death yak gores you!
You die...

# .# ###.#
#<..# #@###
###### #Y#
#.....
#######'######
#.....
.........#...#
#.....
.#####.#.###.#
#.....
...#.....#
####.....
#########.#
#..'.....
#.#.###.##.....
#.#.'...##.....


You could see a death yak.

Vanquished Creatures
  A two-headed ogre (D:8)
  The ghost of Hasart the Arsonist, a novice OgFE of Sif Muna (D:9)
  Pikel (D:8)
  Prince Ribbit (D:7)
  2 hippogriffs
  A wyvern (D:8)
  A hungry ghost (D:7)
  Grum (D:9)
  The ghost of Inarius the Stinger, an amateur DrVM (D:4)
  Duvessa (D:4)
  3 orc warriors
  2 porcupines (D:10)
  2 ice beasts
  2 phantoms
  3 sky beasts
  4 slaves (D:8)
  3 centaurs
  An eye of draining (D:8)
  7 ogres
  3 wolves (D:9)
  2 crocodiles
  5 bullfrogs
  2 big kobolds
  A wyvern zombie (D:9)
  Dowan (D:4)
  2 scorpions
  4 howler monkeys
  2 bullfrog zombies
  5 jellies
  A centaur zombie (D:8)
  4 hounds
  A centaur skeleton (D:7)
  2 iguanas
  An orc priest (D:3)
  5 orc wizards
  Ijyb (D:3)
  Terence (D:2)
  2 hell rats (D:10)
  Natasha (D:2)
  3 worker ants
  A worker ant zombie (D:8)
  3 gnolls
  8 adders
  4 shadow imps
  5 oozes (D:8)
  3 adder skeletons
  An adder zombie (D:10)
  A worm (D:2)
  A leopard gecko (D:5)
  21 orcs
  A ball python (D:3)
  2 giant cockroaches
  6 goblins
  7 hobgoblins
  24 jackals
  12 kobolds
  3 quokkas
  11 bats
  5 frilled lizards
  A leopard gecko zombie (D:7)
  7 rats
214 creatures vanquished.

Notes
Turn   | Place    | Note
-------+----------+-------------------------------------------
     0 | D:1      | Inarius the Draconian Venom Mage began the quest for the Orb.
     0 | D:1      | Reached XP level 1. HP: 14/14 MP: 3/3
    19 | D:1      | Found a shimmering altar of Xom.
   593 | D:1      | Reached XP level 2. HP: 20/20 MP: 1/5
   597 | D:1      | Learned a level 2 spell: Poisonous Vapours
  1307 | D:2      | Reached XP level 3. HP: 17/26 MP: 0/6
  1852 | D:2      | Noticed Terence
  1873 | D:2      | Killed Terence
  1873 | D:2      | Reached XP level 4. HP: 11/33 MP: 0/8
  2573 | D:2      | Noticed Natasha
  2579 | D:2      | Killed Natasha
  2734 | D:3      | Learned a level 4 spell: Olgreb's Toxic Radiance
  3088 | D:3      | Noticed Ijyb
  3093 | D:3      | Killed Ijyb
  3093 | D:3      | Reached XP level 5. HP: 21/38 MP: 0/9
  3272 | D:3      | Noticed an ogre
  3318 | D:3      | Killed an ogre
  3318 | D:3      | Reached skill level 1 in Air Magic
  3706 | D:3      | Found a faded altar of an unknown god.
  3881 | D:3      | Reached XP level 6. HP: 43/46 MP: 0/11
  4572 | D:4      | Noticed Inarius's ghost (amateur DrVM)
  4598 | D:4      | Killed Inarius's ghost
  4598 | D:4      | Reached skill level 1 in Short Blades
  4763 | D:4      | Noticed Duvessa
  4772 | D:4      | Killed Duvessa
  4772 | D:4      | Your scales start taking on a fiery red colour.
  4772 | D:4      | Reached XP level 7. HP: 51/51 MP: 1/13
  4772 | D:4      | Gained mutation: Your flesh is heat resistant. (rF+) [Red Draconian growth]
  4775 | D:4      | Noticed Dowan
  5136 | D:4      | Killed Dowan
  5136 | D:4      | Reached skill level 1 in Fighting
  5210 | D:4      | You fall through a shaft!
  5210 | D:5      | Entered Level 5 of the Dungeon
  5320 | D:4      | Found Yzilaeg's Weapon Emporium.
  5545 | D:4      | Reached skill level 5 in Spellcasting
  5683 | D:4      | Reached skill level 5 in Poison Magic
  5697 | D:4      | Reached XP level 8. HP: 11/59 MP: 5/15
  5701 | D:4      | Gained mutation: Your magical capacity is low. (-10% MP) [mutagenic meat]
  6218 | D:5      | Found a staircase to the Ecumenical Temple.
  6235 | Temple   | Entered the Ecumenical Temple
  6306 | Temple   | Became a worshipper of Vehumet
  7348 | D:6      | Learned a level 5 spell: Venom Bolt
  7405 | D:6      | Found a deep blue altar of Sif Muna.
  7405 | D:6      | Found a shimmering altar of Xom.
  8126 | D:7      | Noticed a hippogriff
  8136 | D:7      | Killed a hippogriff
  8136 | D:7      | Reached skill level 5 in Conjurations
  8429 | D:7      | Reached XP level 9. HP: 59/68 MP: 16/16
  8519 | D:7      | Learned a level 3 spell: Mephitic Cloud
  8580 | D:7      | Noticed Prince Ribbit
  8598 | D:7      | Killed Prince Ribbit
  8598 | D:7      | Reached skill level 1 in Shields
  8598 | D:7      | Reached skill level 1 in Evocations
  8605 | D:7      | HP: 3/68 [centaur/arrow (3)]
  9554 | D:7      | Gained mutation: You are agile. (Dex +2) [mutagenic meat]
  9555 | D:7      | Gained mutation: You are frail. (-10% HP) [mutagenic meat]
  9556 | D:7      | Gained mutation: You occasionally shout uncontrollably at your foes. [mutagenic meat]
  9557 | D:7      | Gained mutation: You do not regenerate when monsters are visible. [mutagenic meat]
  9746 | D:7      | Reached * piety under Vehumet
  9746 | D:7      | Offered knowledge of Freeze by Vehumet.
 10009 | D:7      | Lost mutation: You are frail. (-10% HP) [potion of mutation]
 10009 | D:7      | Lost mutation: You are agile. (Dex +2) [potion of mutation]
 10009 | D:7      | Lost mutation: Your magical capacity is low. (-10% MP) [potion of mutation]
 10009 | D:7      | Lost mutation: You do not regenerate when monsters are visible. [potion of mutation]
 10009 | D:7      | Gained mutation: Your mind is acute. (Int +2) [potion of mutation]
 10009 | D:7      | Gained mutation: You do not regenerate when monsters are visible. [potion of mutation]
 10009 | D:7      | Gained mutation: You evolve. [potion of mutation]
 11050 | D:8      | Found a bloodstained altar of Trog.
 11052 | D:8      | Noticed a two-headed ogre
 11068 | D:8      | Killed a two-headed ogre
 11068 | D:8      | Reached XP level 10. HP: 56/77 MP: 7/20
 11197 | D:8      | Noticed Pikel
 11211 | D:8      | Killed Pikel
 11470 | D:8      | Reached ** piety under Vehumet
 11581 | D:8      | Lost mutation: Your mind is acute. (Int +2) [evolution]
 11626 | D:8      | Offered knowledge of Magic Dart by Vehumet.
 11629 | D:8      | Learned a level 1 spell: Magic Dart
 11851 | D:9      | Reached skill level 5 in Air Magic
 12154 | D:9      | Noticed Grum
 12163 | D:9      | Killed Grum
 12524 | D:9      | Learned a level 7 spell: Ring of Flames
 12887 | D:9      | Noticed Hasart's ghost (novice OgFE)
 12917 | D:9      | Offered knowledge of Static Discharge by Vehumet.
 12917 | D:9      | Reached skill level 1 in Charms
 13077 | D:9      | Killed Hasart's ghost
 13077 | D:9      | Reached skill level 1 in Fire Magic
 13350 | D:10     | Entered Level 10 of the Dungeon
 13475 | D:10     | Found a staircase to the Lair.
 13478 | D:10     | Noticed a death yak
 13529 | D:10     | Mangled by a death yak

Skill      XL: |  1  2  3  4  5  6  7  8  9 10 |
---------------+-------------------------------+-----
Dodging        | 2 3 4 |  4.2
Conjurations   | 2 3 4 5 6 7 |  7.1
Spellcasting   | 3 4 5 6 7 |  7.7
Poison Magic   | 4 5 6 7 |  7.7
Air Magic      | 1 2 3 4 5 |  5.6
Short Blades   | 1 2 3 |  3.0
Fighting       | 1 2 3 |  3.8
Shields        | 2 |  2.7
Evocations     | 3 4 |  4.4
Charms         | 1 |  1.8
Fire Magic     | 2 |  2.0
Stealth        | |  1.7

Action                   |  1- 3 |  4- 6 |  7- 9 | 10-12 || total
-------------------------+-------+-------+-------+-------++-------
Melee: Unarmed           |    19 |       |       |       ||    19
       Tailslap          |    10 |     4 |    21 |    10 ||    45
       Dagger            |    29 |    10 |    52 |       ||    91
       Flail             |       |    21 |       |       ||    21
       Mace              |       |     9 |       |       ||     9
       Rapier            |       |    19 |   165 |    95 ||   279
 Cast: Sting             |    44 |    47 |    33 |     8 ||   132
       Poisonous Vapours |     6 |    26 |   112 |    47 ||   191
       Olgreb's Toxic Ra |       |     5 |    15 |     8 ||    28
       Magic Dart        |       |       |       |    18 ||    18
       Venom Bolt        |       |       |       |     5 ||     5
 Abil: Breathe Fire      |       |       |     3 |     2 ||     5
  Use: Scroll            |       |    10 |     7 |     2 ||    19
       Potion            |       |     1 |     8 |       ||     9
 Stab: Sleeping          |       |       |     1 |       ||     1
  Eat: Chunk             |     4 |    12 |    17 |     9 ||    42
       Bread ration      |       |       |     1 |     1 ||     2
       Royal jelly       |       |       |     1 |       ||     1
       Meat ration       |       |       |     2 |       ||     2
       Fruit             |       |       |     1 |     1 ||     2
Armor: Skin              |    21 |    26 |    73 |    23 ||   143
Dodge: Dodged            |    49 |    72 |   169 |    75 ||   365
